| TOP OF THE 1ST |
|
West Virginia Power batting - Pitching for Hagerstown Suns : RHP Jonathan Arce
|
|
Pitching: RHP Jonathan Arce
|
|
|
Batting: LHB Micah Boshnjaku
|
0-0: Called Strike 0-1: Ball 1-1: Swinging Strike 1-2: Foul Ball, location: 2F 1-2: Foul Ball, location: 2F 1-2: Ground out 6-3 (Groundball, 6M, EV 104.4 MPH)
|
|
Batting: RHB Jose Lozano
|
0-0: Ball 1-0: Called Strike 1-1: Ball 2-1: Called Strike 2-2: Foul Ball, location: 2F 2-2: Ball 3-2: Base on Balls
|
|
Batting: RHB Jordan Robinson
|
0-0: Ball Jose Lozano steals 2nd, throwing error, E2 Jose Lozano to third 1-0: Called Strike 1-1: Swinging Strike 1-2: Ball 2-2: Strikes out swinging
|
|
Batting: RHB Tom Primmer
|
0-0: Ball 1-0: Called Strike 1-1: Ball 2-1: 2-RUN HOME RUN (Flyball, 78XD, EV 112.5 MPH), Distance : 408 ft
|
|
Batting: RHB Ted Goldblatt
|
0-0: Ball 1-0: Fly out, F9 (Flyball, 9D, EV 89.4 MPH)
|
| Top of the 1st over - 2 runs, 1 hit, 1 error, 0 left on base; West Virginia 2 - Hagerstown 0 |
| BOTTOM OF THE 1ST |
|
Hagerstown Suns batting - Pitching for West Virginia Power : LHP Ryan Rakoff
|
|
Pitching: LHP Ryan Rakoff
|
|
|
Batting: SHB Dan Castaneda
|
0-0: Ground out 6-3 (Groundball, 56, EV 107.5 MPH)
|
|
Batting: RHB Pat Drader
|
0-0: Ball 1-0: Swinging Strike 1-1: Swinging Strike 1-2: Ball 2-2: Ball 3-2: Ground out 6-3 (Groundball, 56, EV 77.5 MPH)
|
|
Batting: RHB Kevin Wick
|
0-0: Foul Ball, location: 2F 0-1: Ball 1-1: Swinging Strike 1-2: Foul Ball, location: 2F 1-2: Ball 2-2: Ball 3-2: Ground out 4-3 (Groundball, 4, EV 110.0 MPH)
|
| Bottom of the 1st over - 0 runs, 0 hits, 0 errors, 0 left on base; West Virginia 2 - Hagerstown 0 |
| TOP OF THE 2ND |
|
West Virginia Power batting - Pitching for Hagerstown Suns : RHP Jonathan Arce
|
|
Batting: LHB Justin Harris
|
0-0: Ball 1-0: Ball 2-0: Fly out, F7 (Flyball, 7D, EV 92.5 MPH)
|
|
Batting: RHB Alfredo Medrano
|
0-0: Ball 1-0: Called Strike 1-1: Ball 2-1: Ground out 1-3 (Groundball, 34S, EV 68.8 MPH)
|
|
Batting: RHB Yoshiaki Tsutsui
|
0-0: Ball 1-0: Ball 2-0: Foul Ball, location: 2F 2-1: Foul Ball, location: 2F 2-2: Ball 3-2: Ground out 5-3 (Groundball, 56, EV 82.5 MPH)
|
| Top of the 2nd over - 0 runs, 0 hits, 0 errors, 0 left on base; West Virginia 2 - Hagerstown 0 |
| BOTTOM OF THE 2ND |
|
Hagerstown Suns batting - Pitching for West Virginia Power : LHP Ryan Rakoff
|
|
Batting: RHB Josh Courtney
|
0-0: Called Strike 0-1: Ball 1-1: Ball 2-1: Swinging Strike 2-2: Fly out, F9 (Flyball, 89M, EV 96.9 MPH)
|
|
Batting: LHB Yoshiya Kurokawa
|
0-0: Ball 1-0: Ball 2-0: Called Strike 2-1: Swinging Strike 2-2: Strikes out swinging
|
|
Batting: RHB Felix Torres
|
0-0: Called Strike 0-1: Ball 1-1: Ground out 1-3 (Groundball, 13S, EV 62.5 MPH)
|
| Bottom of the 2nd over - 0 runs, 0 hits, 0 errors, 0 left on base; West Virginia 2 - Hagerstown 0 |
| TOP OF THE 3RD |
|
West Virginia Power batting - Pitching for Hagerstown Suns : RHP Jonathan Arce
|
|
Batting: RHB John Beiswenger
|
0-0: Called Strike 0-1: Ground out 3-1 (Groundball, 34, EV 83.8 MPH)
|
|
Batting: LHB Micah Boshnjaku
|
0-0: Ground out 4-3 (Groundball, 4, EV 80.6 MPH)
|
|
Batting: RHB Jose Lozano
|
0-0: Called Strike 0-1: Foul Ball, location: 2F 0-2: Foul Ball, location: 2F 0-2: Hit by Pitch
|
|
Batting: RHB Jordan Robinson
|
0-0: Ball Jose Lozano is caught stealing 2nd base 2-4
|
| Top of the 3rd over - 0 runs, 0 hits, 0 errors, 0 left on base; West Virginia 2 - Hagerstown 0 |
| BOTTOM OF THE 3RD |
|
Hagerstown Suns batting - Pitching for West Virginia Power : LHP Ryan Rakoff
|
|
Batting: SHB Kyle Larson
|
0-0: Ball 1-0: Ball 2-0: Ground out 5-3 (Groundball, 56S, EV 85.0 MPH)
|
|
Batting: RHB Scott Skoglund
|
0-0: Ball 1-0: Ball 2-0: Called Strike 2-1: Foul Ball, location: 2F 2-2: SINGLE (Line Drive, 4D, EV 94.4 MPH)
|
|
Batting: RHB Bobby Dieter
|
0-0: Swinging Strike 0-1: Swinging Strike 0-2: Foul Ball, location: 2F 0-2: Strikes out swinging
|
|
Batting: SHB Dan Castaneda
|
0-0: Ball 1-0: Ball 2-0: SINGLE (Flyball, 8RS, EV 88.8 MPH) Scott Skoglund to second
|
|
Batting: RHB Pat Drader
|
0-0: Fielders Choice at 2nd, 6-4 (Groundball, 6, EV 85.0 MPH)
|
| Bottom of the 3rd over - 0 runs, 2 hits, 0 errors, 2 left on base; West Virginia 2 - Hagerstown 0 |
| TOP OF THE 4TH |
|
West Virginia Power batting - Pitching for Hagerstown Suns : RHP Jonathan Arce
|
|
Batting: RHB Jordan Robinson
|
0-0: Called Strike 0-1: Called Strike 0-2: Strikes out swinging
|
|
Batting: RHB Tom Primmer
|
0-0: Foul Ball, location: 2F 0-1: Ball 1-1: Swinging Strike 1-2: SINGLE (Line Drive, 56D, EV 99.4 MPH)
|
|
Batting: RHB Ted Goldblatt
|
0-0: Called Strike 0-1: Called Strike Tom Primmer steals 2nd base 0-2: Fly out, F8 (Flyball, 78M, EV 87.5 MPH)
|
|
Batting: LHB Justin Harris
|
0-0: Called Strike 0-1: Called Strike 0-2: Fly out, F7 (Flyball, 7S, EV 82.5 MPH)
|
| Top of the 4th over - 0 runs, 1 hit, 0 errors, 1 left on base; West Virginia 2 - Hagerstown 0 |
| BOTTOM OF THE 4TH |
|
Hagerstown Suns batting - Pitching for West Virginia Power : LHP Ryan Rakoff
|
|
Batting: RHB Kevin Wick
|
0-0: Ball 1-0: Ball 2-0: Called Strike 2-1: Ball 3-1: Swinging Strike 3-2: Foul Ball, location: 2F 3-2: Base on Balls
|
|
Batting: RHB Josh Courtney
|
0-0: Ball 1-0: Called Strike 1-1: Swinging Strike 1-2: Ball 2-2: Strikes out swinging
|
|
Batting: LHB Yoshiya Kurokawa
|
0-0: Called Strike 0-1: Ball 1-1: Grounds into double play, 5-4-3 (Groundball, 56, EV 83.1 MPH)
|
| Bottom of the 4th over - 0 runs, 0 hits, 0 errors, 0 left on base; West Virginia 2 - Hagerstown 0 |
| TOP OF THE 5TH |
|
West Virginia Power batting - Pitching for Hagerstown Suns : RHP Jonathan Arce
|
|
Batting: RHB Alfredo Medrano
|
0-0: Ball 1-0: Foul Ball, location: 2F 1-1: Called Strike 1-2: Ball 2-2: Ground out 4-3 (Groundball, 4, EV 81.9 MPH)
|
|
Pitching: RHP Luis Cruz
|
|
|
Batting: RHB Yoshiaki Tsutsui
|
0-0: Ball 1-0: Called Strike 1-1: Foul Ball, location: 2F 1-2: Foul Ball, location: 2F 1-2: Ball 2-2: Strikes out swinging
|
|
Batting: RHB John Beiswenger
|
0-0: Called Strike 0-1: Ball 1-1: Swinging Strike 1-2: Foul Ball, location: 2F 1-2: Foul Ball, location: 2F 1-2: Strikes out looking
|
| Top of the 5th over - 0 runs, 0 hits, 0 errors, 0 left on base; West Virginia 2 - Hagerstown 0 |
| BOTTOM OF THE 5TH |
|
Hagerstown Suns batting - Pitching for West Virginia Power : LHP Ryan Rakoff
|
|
Batting: RHB Felix Torres
|
0-0: Called Strike 0-1: Bunt missed! 0-2: Ball 1-2: SINGLE (Line Drive, 78S, EV 95.6 MPH)
|
|
Batting: SHB Kyle Larson
|
0-0: Ball 1-0: Foul Ball, location: 2F 1-1: Called Strike 1-2: Strikes out looking
|
|
Batting: RHB Scott Skoglund
|
0-0: Ball 1-0: Called Strike 1-1: Fly out, F7 (Flyball, 78D, EV 106.2 MPH)
|
|
Batting: RHB Bobby Dieter
|
0-0: Called Strike 0-1: Called Strike 0-2: Ball Felix Torres steals 2nd, throwing error, E2 Felix Torres to third 1-2: DOUBLE (Flyball, 8LXD, EV 104.4 MPH) Felix Torres scores
|
|
Batting: SHB Dan Castaneda
|
0-0: Called Strike 0-1: Ground out 4-3 (Groundball, 4, EV 84.4 MPH)
|
| Bottom of the 5th over - 1 run, 2 hits, 1 error, 1 left on base; West Virginia 2 - Hagerstown 1 |
| TOP OF THE 6TH |
|
West Virginia Power batting - Pitching for Hagerstown Suns : RHP Luis Cruz
|
|
Batting: LHB Micah Boshnjaku
|
0-0: Called Strike 0-1: Ball 1-1: Ground out 6-3 (Groundball, 4, EV 82.5 MPH)
|
|
Batting: RHB Jose Lozano
|
0-0: Ball 1-0: Swinging Strike 1-1: SINGLE (Line Drive, 9S, EV 96.2 MPH)
|
|
Batting: RHB Jordan Robinson
|
0-0: Ball Jose Lozano steals 2nd base Balk! Jose Lozano to third 1-0: Called Strike 1-1: Called Strike 1-2: Foul Ball, location: 2F 1-2: Ball 2-2: Ball 3-2: Strikes out swinging
|
|
Batting: RHB Tom Primmer
|
0-0: Called Strike 0-1: Ball 1-1: Foul Ball, location: 2F 1-2: Ball 2-2: DOUBLE (Groundball, 5L, EV 101.9 MPH) Jose Lozano scores
|
|
Batting: RHB Ted Goldblatt
|
0-0: Ball 1-0: Ball 2-0: Swinging Strike 2-1: Ground out 6-3 (Groundball, 6, EV 86.2 MPH)
|
| Top of the 6th over - 1 run, 2 hits, 0 errors, 1 left on base; West Virginia 3 - Hagerstown 1 |
| BOTTOM OF THE 6TH |
|
Hagerstown Suns batting - Pitching for West Virginia Power : LHP Ryan Rakoff
|
|
Batting: RHB Pat Drader
|
0-0: Ball 1-0: DOUBLE (Line Drive, 89M, EV 87.5 MPH)
|
|
Batting: RHB Kevin Wick
|
0-0: Called Strike 0-1: Ball 1-1: Called Strike 1-2: Strikes out swinging
|
|
Batting: RHB Josh Courtney
|
0-0: Swinging Strike 0-1: Foul Ball, location: 2F 0-2: Foul Ball, location: 2F 0-2: Strikes out swinging
|
|
Batting: LHB Yoshiya Kurokawa
|
0-0: Ball 1-0: Foul Ball, location: 2F 1-1: Ground out 6-3 (Groundball, 6, EV 103.1 MPH)
|
| Bottom of the 6th over - 0 runs, 1 hit, 0 errors, 1 left on base; West Virginia 3 - Hagerstown 1 |
| TOP OF THE 7TH |
|
West Virginia Power batting - Pitching for Hagerstown Suns : RHP Luis Cruz
|
|
Pitching: RHP Roy Walker
|
|
|
Batting: LHB Justin Harris
|
0-0: Called Strike 0-1: Called Strike 0-2: Ball 1-2: Ball 2-2: Strikes out swinging
|
|
Batting: RHB Alfredo Medrano
|
0-0: Called Strike 0-1: Ground out 3-1 (Groundball, 34, EV 92.5 MPH)
|
|
Batting: RHB Yoshiaki Tsutsui
|
0-0: Ball 1-0: Fly out, F7 (Flyball, 7, EV 95.0 MPH)
|
| Top of the 7th over - 0 runs, 0 hits, 0 errors, 0 left on base; West Virginia 3 - Hagerstown 1 |
| BOTTOM OF THE 7TH |
|
Hagerstown Suns batting - Pitching for West Virginia Power : LHP Ryan Rakoff
|
|
Batting: RHB Felix Torres
|
0-0: Ball 1-0: Swinging Strike 1-1: Ball 2-1: Foul Ball, location: 2F 2-2: Strikes out swinging
|
|
Batting: SHB Kyle Larson
|
0-0: Ball 1-0: Foul Ball, location: 2F 1-1: Swinging Strike 1-2: Strikes out swinging
|
|
Batting: RHB Scott Skoglund
|
0-0: Called Strike 0-1: Foul Ball, location: 2F 0-2: Ball 1-2: Strikes out swinging, 2-3 out at first.
|
| Bottom of the 7th over - 0 runs, 0 hits, 0 errors, 0 left on base; West Virginia 3 - Hagerstown 1 |
| TOP OF THE 8TH |
|
West Virginia Power batting - Pitching for Hagerstown Suns : RHP Roy Walker
|
|
Pitching: LHP Kerry Baty
|
|
|
Batting: RHB John Beiswenger
|
0-0: Ball 1-0: Called Strike 1-1: Swinging Strike 1-2: Ball 2-2: Strikes out swinging
|
|
Batting: LHB Micah Boshnjaku
|
0-0: Called Strike 0-1: TRIPLE (Flyball, 7D, EV 98.8 MPH)
|
|
Batting: RHB Jose Lozano
|
0-0: Ball 1-0: Called Strike 1-1: Foul Ball, location: 2F 1-2: Foul Ball, location: 2F 1-2: Foul Ball, location: 2F 1-2: Ground out 5-3 (Groundball, 56S, EV 87.5 MPH) Micah Boshnjaku scores
|
|
Batting: RHB Jordan Robinson
|
0-0: Ball 1-0: Ball 2-0: Called Strike 2-1: Foul Ball, location: 2F 2-2: Ball 3-2: Foul Ball, location: 2F 3-2: SINGLE (Groundball, 5S, EV 67.5 MPH) (infield hit)
|
|
Batting: RHB Tom Primmer
|
0-0: Ball Jordan Robinson is caught stealing 2nd base 2-4
|
| Top of the 8th over - 1 run, 2 hits, 0 errors, 0 left on base; West Virginia 4 - Hagerstown 1 |
| BOTTOM OF THE 8TH |
|
Hagerstown Suns batting - Pitching for West Virginia Power : LHP Ryan Rakoff
|
|
Pitching: RHP Jason Cobb
|
|
|
Batting: RHB Bobby Dieter
|
0-0: Called Strike 0-1: Swinging Strike 0-2: Ball 1-2: Fly out, F7 (Flyball, 78S, EV 97.5 MPH)
|
|
Batting: SHB Dan Castaneda
|
0-0: Called Strike 0-1: Ball 1-1: Foul Ball, location: 2F 1-2: Ball 2-2: Ball 3-2: Foul Ball, location: 2F 3-2: Ground out U3 (Groundball, 3, EV 80.6 MPH)
|
|
Batting: RHB Pat Drader
|
0-0: Called Strike 0-1: Foul Ball, location: 2F 0-2: Ball 1-2: Ball 2-2: Ground out 6-3 (Groundball, 6M, EV 75.6 MPH)
|
| Bottom of the 8th over - 0 runs, 0 hits, 0 errors, 0 left on base; West Virginia 4 - Hagerstown 1 |
| TOP OF THE 9TH |
|
West Virginia Power batting - Pitching for Hagerstown Suns : LHP Kerry Baty
|
|
Batting: RHB Tom Primmer
|
0-0: Ball 1-0: Called Strike 1-1: Called Strike 1-2: Strikes out swinging
|
|
Batting: RHB Ted Goldblatt
|
0-0: Called Strike 0-1: Foul Ball, location: 2F 0-2: Foul Ball, location: 2F 0-2: Ball 1-2: Strikes out swinging
|
|
Batting: LHB Justin Harris
|
0-0: Called Strike 0-1: Swinging Strike 0-2: Strikes out swinging
|
| Top of the 9th over - 0 runs, 0 hits, 0 errors, 0 left on base; West Virginia 4 - Hagerstown 1 |
| BOTTOM OF THE 9TH |
|
Hagerstown Suns batting - Pitching for West Virginia Power : RHP Jason Cobb
|
|
Pitching: RHP Troy Conners
|
|
|
Batting: RHB Kevin Wick
|
0-0: Swinging Strike 0-1: Ball 1-1: Ball 2-1: Swinging Strike 2-2: SINGLE (Line Drive, 7LM, EV 100.0 MPH)
|
|
Pinch Hitting: LHB John Luke
|
0-0: Ball 1-0: Called Strike 1-1: Ball 2-1: Foul Ball, location: 2F 2-2: Foul Ball, location: 2F 2-2: Ball 3-2: Base on Balls Kevin Wick to second
|
|
Batting: LHB Yoshiya Kurokawa
|
0-0: Ball 1-0: Foul Ball, location: 2F 1-1: Ball 2-1: Ball 3-1: Foul Ball, location: 2F 3-2: Foul Ball, location: 2F 3-2: Strikes out swinging
|
|
Batting: RHB Felix Torres
|
0-0: Fielders Choice at 2nd, 3-6 (Groundball, 34S, EV 82.5 MPH) Kevin Wick to third
|
|
Batting: SHB Kyle Larson
|
Pickoff Throw to First - Out! 1-3
|
| Bottom of the 9th over - 0 runs, 1 hit, 0 errors, 1 left on base; West Virginia 4 - Hagerstown 1 |
|